 Dungeon Crawl Stone Soup version 0.23.2-33-g5129a83184 (webtiles) character file.

Game seed: 3209587640123460241

77 Acheron the Skirmisher (level 4, 0/40 HPs)
             Began as a Draconian Wanderer on July 14, 2019.
             Slain by a quokka (5 damage)
             ... on level 2 of the Dungeon.
             The game lasted 00:06:28 (1727 turns).

Acheron the Skirmisher (Draconian Wanderer)         Turns: 1727, Time: 00:06:29

Health: 0/40       AC:  5    Str: 13    XL:     4   Next: 14%
Magic:  6/6        EV: 11    Int: 14    God:
Gold:   76         SH:  0    Dex: 11    Spells: 4/5 levels left

rFire    + . .     SeeInvis .   a - +0 mace
rCold    + . .     Gourm    .   (no shield)
rNeg     . . .     Faith    .   (armour unavailable)
rPois    +         Spirit   .   (helmet restricted)
rElec    +         Reflect  .   (no cloak)
rCorr    +         Harm     .   (no gloves)
MR       .....                  (no boots)
Stlth    ++........             (no amulet)
HPRegen  0.13/turn              (no ring)
MPRegen  0.10/turn              (no ring)

@: lethally poisoned (0 -> -2), resistant
A: unfitting armour, cold-blooded, AC +5
a: no special abilities


You were on level 2 of the Dungeon.
You were not hungry.

You visited 1 branch of the dungeon, and saw 2 of its levels.

You collected 76 gold pieces.

Inventory:

Hand Weapons
 a - a +0 mace (weapon)
Missiles
 b - 40 stones (quivered)
Jewellery
 h - a +2 ring of evasion {unknown}
Scrolls
 g - 3 scrolls of remove curse
 l - a scroll of identify
Potions
 d - a potion of ambrosia
 f - a potion of mutation {unknown}
 i - a potion of heal wounds {unknown}
 j - a potion of curing {unknown}
Comestibles
 c - 2 rations
 k - a chunk of flesh


   Skills:
 + Level 3.9 Fighting
 + Level 2.9 Maces & Flails
 * Level 1.1 Throwing
 * Level 0.7 Dodging
 * Level 1.1 Stealth
 * Level 1.4 Spellcasting
 * Level 0.6 Conjurations
   Level 1.7 Hexes
   Level 1.0 Evocations


You had 4 spell levels left.
You knew the following spells:

 Your Spells              Type           Power        Failure   Level  Hunger
a - Magic Dart            Conj           #...         19%         1    ##.....

Your spell library contained the following spells:

 Spells                   Type           Power        Failure   Level  Hunger
 Slow                     Hex            #.......     19%         2    ###....
 Blink                    Tloc           N/A          36%         2    ###....
 Call Imp                 Summ           #.......     36%         2    ###....
 Conjure Flame            Conj/Fire      #.......     54%         3    ####...
 Mephitic Cloud           Conj/Pois/Air  #.......     56%         3    ####...


Dungeon Overview and Level Annotations

Branches:
Dungeon (2/15)

Altars:


Innate Abilities, Weirdness & Mutations

Your plain brown scales are hard. (AC +5)
You cannot fit into any form of body armour.
You are cold-blooded and may be slowed by cold attacks.


Message History

You are poisoned.
The adder poisons you! The adder bites you.
* * * LOW HITPOINT WARNING * * *
You hit the adder.
You kill the adder!
You feel sick.
You hit the quokka but do no damage. The quokka closely misses you.
The quokka barely misses you.
You barely miss the quokka.
You feel sick. The quokka bites you.
* * * LOW HITPOINT WARNING * * *
You closely miss the quokka. The quokka bites you.
* * * LOW HITPOINT WARNING * * *
The quokka barely misses you.
You miss the quokka.
Your tail-slap misses the quokka.
You feel sick.
The quokka bites you but does no damage.
You closely miss the quokka. The quokka closely misses you. x2
You closely miss the quokka. You tail-slap the quokka.
The quokka is moderately wounded.
The quokka bites you.
You die...

.รท<............#.####
##..# r.
...............#....####
....[..........#.......#
....)..........#g...(...
...............#bl......
...............#K###.###
.....##.....# #s# .s.
###### .##S.# #r# ...
#<# .#@# l.
.....#####.#.g#..#
#.............#..#
#.###.####.#..#... #.#
..###....#.... ##.#
#..####..#.....
...####.....#..#######
......#.....# ..
.......(.<..#....


You could see a quokka, a giant cockroach, a goblin, a bat, a kobold and a
frilled lizard.

Vanquished Creatures
  3 adders (D:2)
  An ooze (D:1)
  2 worms
  A dart slug (D:2)
  4 leopard geckos
  4 goblins
  6 hobgoblins
  2 kobolds
  7 bats
  7 rats
37 creatures vanquished.

Notes
Turn   | Place    | Note
-------+----------+-------------------------------------------
     0 | D:1      | Acheron the Draconian Wanderer began the quest for the Orb.
     0 | D:1      | Acheron set off with the following items: a +0 mace, a
                  | ration; and the following spell memorised: Magic Dart; and
                  | the following spells available to memorise: Slow, Blink,
                  | Call Imp, Conjure Flame, Mephitic Cloud
     0 | D:1      | Reached XP level 1. HP: 19/19 MP: 2/2
   390 | D:1      | Reached XP level 2. HP: 21/26 MP: 3/3
  1044 | D:1      | Reached XP level 3. HP: 28/33 MP: 5/5
  1377 | D:2      | Reached skill level 1 in Stealth
  1709 | D:2      | Reached XP level 4. HP: 22/40 MP: 6/6
  1727 | D:2      | Slain by a quokka

Skill      XL: |  1  2  3 |
---------------+----------+-----
Stealth        | 1 |  1.1
Fighting       | |  3.9
Maces & Flails | |  2.9
Throwing       | |  1.1
Dodging        | |  0.7
Spellcasting   | |  1.4
Conjurations   | |  0.6
Hexes          | |  1.7
Evocations     | |  1.0

Action                   |  1- 3 |  4- 6 || total
-------------------------+-------+-------++-------
Melee: Mace              |   145 |    18 ||   163
       Tailslap          |    12 |     1 ||    13
  Use: Scroll            |     4 |       ||     4
       Potion            |     1 |       ||     1
  Eat: Chunk             |     3 |       ||     3
Armor: Skin              |    79 |     5 ||    84
Dodge: Dodged            |   116 |    16 ||   132
